 Dungeon Crawl Stone Soup version 0.27-a0-1277-g3808f8b1c9 (webtiles) character file.

Game seed: 13027659731610673669

58 GordonOverkill the Ducker (level 4, 0/35 HPs)
             Began as a Djinni Monk on June 12, 2021.
             Slain by Crazy Yiuf (4 damage)
             ... on level 2 of the Dungeon.
             The game lasted 00:04:12 (1716 turns).

GordonOverkill the Ducker (Djinni Monk)             Turns: 1716, Time: 00:04:13

Health: 0/35       AC:  5    Str: 17    XL:     4   Next: 21%
Gold:   63         EV: 12    Int: 11    God:
                   SH:  0    Dex: 16

rFire    + + .     SeeInvis .   c - +3 short sword (antimagic)
rCold    x . .     Faith    .   (no shield)
rNeg     . . .     Spirit   .   h - +0 ring mail
rPois    ∞         Reflect  .   (no helmet)
rElec    .         Harm     .   (no cloak)
rCorr    .         Rampage  .   (no gloves)
Will     .....                  (boots unavailable)
Stlth    +.........             (no amulet)
HPRegen  0.11/turn              g - +6 ring of strength
MPRegen  0.00/turn              q - +4 ring of slaying

@: flying
A: sickness immunity, fire resistance 2, cold vulnerability 1, float, innate
caster, hp casting, extra vitality 1
a: no special abilities


You were on level 2 of the Dungeon.
You visited 1 branch of the dungeon, and saw 2 of its levels.

You collected 63 gold pieces.

Inventory:

Hand Weapons
 a - a +0 falchion
 c - a +3 antimagic short sword (weapon)
Missiles
 p - 21 poisoned darts (quivered)
Armour
 h - a +0 ring mail (worn)
Jewellery
 b - a +6 ring of strength
 g - a +6 ring of strength (left hand)
 q - a +4 ring of slaying (right hand)
Scrolls
 f - a scroll of noise {unknown}
 k - 2 scrolls of identify {unknown}
 r - a scroll of fear {unknown}
 s - a scroll of acquirement {unknown}
 t - a scroll of immolation {unknown}
Potions
 d - a potion of might {unknown}
 e - a potion of lignification {unknown}
 i - a potion of flight {unknown}
 j - 2 potions of attraction {unknown}
 l - 2 potions of cancellation {unknown}
 m - a potion of heal wounds {unknown}
 n - 2 potions of haste {unknown}
 o - a potion of ambrosia {unknown}
 u - a potion of degeneration {unknown}


   Skills:
 + Level 3.4 Fighting
 * Level 1.6(2.5) Short Blades
 - Level 2.8(3.1) Long Blades
 + Level 0.0 Throwing
 + Level 0.7 Armour
 + Level 3.8 Dodging
 - Level 1.5 Stealth


You had 2 spell levels left.
You knew the following spells:

 Your Spells              Type           Power      Damage    Failure   Level
a - Shock                 Conj/Air       0%         1d3       54%         1
Your spell library was empty.

Dungeon Overview and Level Annotations

Branches:
Dungeon (2/15)

Altars:

Shops:
D:2 (

Annotations:
D:2 Crazy Yiuf


Innate Abilities, Weirdness & Mutations

You are immune to sickness and miasma.
You are immune to poison.
Your flesh is very heat resistant. (rF++)
You are vulnerable to cold. (rC-)
You float through the air rather than walking.
You learn spells naturally, not from books.
Your magical power is your life essence.
You have superior vitality. (+4 HP)


Message History

You see here a +0 mace.
Crazy Yiuf shouts!
You see here a +0 mace.
Found three maces.
You see here a +0 mace.
Could not explore, unopened runed door.
Could not explore, unopened runed door.
Could not explore, unopened runed door.
You reach down and open the door.
You aren't carrying any items that you can evoke.
Unknown command.
Throw: 22 darts (poison)
Press: ? - help, Q - select action, (/) - cycle Shift-Dir - straight line, f - Crazy Yiuf
Aim: Crazy Yiuf, wielding a +4 quarterstaff of chaos and wearing a +0 cloak (69% to hit)
You throw a poisoned dart. The poisoned dart hits Crazy Yiuf.
Crazy Yiuf is poisoned.
You hit Crazy Yiuf.
Crazy Yiuf is moderately wounded.
Crazy Yiuf hits you with a +4 quarterstaff of chaos!
You are electrocuted!
* * * LOW HITPOINT WARNING * * *
You see here a +0 mace.
You see here a +0 mace.
You see here a +0 mace.
You see here a +0 mace.
Crazy Yiuf laughs, "Prologue leg Hive!"
There is an open door here.
You barely miss Crazy Yiuf.
Crazy Yiuf is moderately wounded.
Crazy Yiuf closely misses you.
You hit Crazy Yiuf.
Crazy Yiuf is heavily wounded.
Crazy Yiuf hits you with a +4 quarterstaff of chaos.
* * * LOW HITPOINT WARNING * * *
You hit Crazy Yiuf.
Crazy Yiuf is severely wounded.
Crazy Yiuf hits you with a +4 quarterstaff of chaos!
* * * LOW HITPOINT WARNING * * *
Space bends around you.
You die...

......# #........<..#.#.# ......#
#...........#.#.#
......########.......#<#.#.#.###
>†.......................).....#
......###.......###....#.#.#.#+##
......###.######.........#..∩....
.................................
.##.#.....###...........##.#.....
....#.....###...@.....#.##.#.....
#####).........g#..........#####.
#.....###...#......##### ##
#.....# #...#....<.....######
#.....# ##'##.......##.......
####### #.##.........#######
#.##................
###.##.....>...#######
#......#(......#


You could see Crazy Yiuf.

Vanquished Creatures
  An adder (D:2)
  3 dart slugs
  2 ball pythons (D:1)
  5 bats (D:1)
  4 endoplasms
  5 giant cockroaches
  2 goblins (D:1)
  3 hobgoblins
  3 quokkas
  6 frilled lizards
  4 kobolds
  2 rats
40 creatures vanquished.

Notes
Turn   | Place    | Note
-------+----------+-------------------------------------------
     0 | D:1      | GordonOverkill the Djinni Monk began the quest for the Orb.
     0 | D:1      | Reached XP level 1. HP: 20/20 MP: 0/0
   130 | D:1      | Reached XP level 2. HP: 25/25 MP: 0/0
   563 | D:1      | Reached XP level 3. HP: 24/30 MP: 0/0
   563 | D:1      | Learned a level 1 spell: Shock
   570 | D:1      | Reached skill level 1 in Short Blades
  1410 | D:2      | Found Purgh's Weapon Boutique.
  1426 | D:2      | Reached XP level 4. HP: 35/35 MP: 0/0
  1689 | D:2      | Found a runed translucent door.
  1690 | D:2      | Noticed Crazy Yiuf
  1716 | D:2      | Slain by Crazy Yiuf

Illustrated notes

Levels and vault maps discovered:
D:1:      nzn_arrival_crosshair, layout_basic
D:2:      layout_basic, serial_shops, shop, uniq_crazy_yiuf_cottage

Skill      XL: |  1  2  3 |
---------------+----------+-----
Short Blades   | 1 |  1.6
Fighting       | |  3.4
Long Blades    | |  2.8
Armour         | |  0.7
Dodging        | |  3.8
Stealth        | |  1.5

Action                   |  1- 3 |  4- 6 || total
-------------------------+-------+-------++-------
Melee: Falchion          |    11 |       ||    11
       Short sword       |    76 |    12 ||    88
Throw: Dart              |       |     1 ||     1
 Stab: Sleeping          |     1 |       ||     1
Armor: Robe              |     5 |       ||     5
       Ring mail         |    12 |       ||    12
Dodge: Dodged            |    60 |     7 ||    67
       Rpst.: Falchion   |     1 |       ||     1

Table legend: (Time is in decaauts)
 A = Elapsed time spent in this place.
 B = Non-inter-level travel time spent in this place.
 C = Inter-level travel time spent in this place.
 D = Time resting spent in this place.
 E = Time spent auto-exploring this place.
 F = Levels seen in this place.
 G = Mean time per level.
                   A        B        C        D        E       F      G
               +--------+--------+--------+--------+--------+-----+--------+
         Total |   1715 |   1678 |     37 |    129 |   1160 |   2 |  857.5 |
       Dungeon |   1715 |   1678 |     37 |    129 |   1160 |   2 |  857.5 |
               +--------+--------+--------+--------+--------+-----+--------+

Top non-repeatable levels by time:
     D:1: 1311 daAuts
     D:2: 404 daAuts
